ARIZONA Coyotes vs WINNIPEG Jets

Created - 20 février 2024 at 18:11

Goals
1 2 3 T
ARIZONA Coyotes 1 3 2 6
WINNIPEG Jets 1 2 1 4
Shots
1 2 3 T
ARIZONA Coyotes 6 16 11 33
WINNIPEG Jets 7 6 14 27

1st period

1. WINNIPEG Jets , Nick Suzuki 6 (Clayton Keller 6, Brian Dumoulin 6) at 9:42
2. ARIZONA Coyotes , Roman Josi 6 (Scott Mayfield 8) at 14:04

Penalties :
Evan Bouchard (WPG) for Cross-checking (Minor) at 5:14, Scott Mayfield (ARI) for Tripping (Minor) at 11:39

2nd period

3. ARIZONA Coyotes , Vladislav Gavrikov 1 (Sam Reinhart 9, Auston Matthews 7) at 2:54
4. WINNIPEG Jets , Rasmus Dahlin 4 (Tim Stutzle 7, Troy Terry 2) at 4:13
5. WINNIPEG Jets , Evan Bouchard 5 (Travis Sanheim 10, Brandon Hagel 8) at 9:00 (PP)
6. ARIZONA Coyotes , Artemi Panarin 3 (Roman Josi 17, Vladislav Gavrikov 6) at 9:37
7. ARIZONA Coyotes , Scott Mayfield 2 (Ryan Hartman 7, Sam Reinhart 10) at 14:03 (PP)

Penalties :
Ryan Hartman (ARI) for Slashing (Minor) at 8:22, Evan Bouchard (WPG) for Interference (Minor) at 12:24, Tim Stutzle (WPG) for Roughing (Minor) at 14:50

3rd period

8. WINNIPEG Jets , Travis Sanheim 2 (Troy Terry 3, Trevor van Riemsdyk 5) at 4:20
9. ARIZONA Coyotes , Scott Mayfield 3 (Rickard Rakell 7, Michael Bunting 8) at 6:09 (PP)
10. ARIZONA Coyotes , Vladislav Gavrikov 2 (Frederick Gaudreau 4, Garnet Hathaway 2) at 19:34 (Empty Net)

Penalties :
Brian Dumoulin (WPG) for Cross-checking (Minor) at 5:03, Auston Matthews (ARI) for High sticking (Minor) at 7:31, Vladislav Gavrikov (ARI) for Cross-checking (Minor) at 10:09, Brian Dumoulin (WPG) for Tripping (Minor) at 15:39

Goalie Stats

Andrei Vasilevskiy (ARI), 23 saves from 27 shots - (0,852), W, 12-4-1, 60:00 minutes
Jeremy Swayman (WPG), 27 saves from 32 shots - (0,844), L, 6-8-2, 59:27 minutes

Players Stats for ARIZONA Coyotes

Player Name              G  A  P  +/- PIM S  H  SB GA TA FO     MP     PP MP  PK MP  
------------------------------------------------------------------------------------
Alec Martinez            0  0  0   0  0   0  0  0  0  0  0/0    20:16   0:00   3:48 
Artemi Panarin           1  0  1   1  0   4  1  0  0  0  0/1    21:58   5:06   0:00 
Auston Matthews          0  1  1   1  2   1  1  1  0  0  13/30  22:30   5:06   0:33 
Brandon Sutter           0  0  0   1  0   0  0  0  0  0  7/11    9:59   0:00   4:00 
Frederick Gaudreau       0  1  1   1  0   2  1  0  0  0  6/11   11:41   0:00   2:14 
Garnet Hathaway          0  1  1   1  0   0  1  0  0  0  0/0     5:59   0:00   0:00 
Jonas Siegenthaler       0  0  0  -1  0   0  1  1  0  0  0/0    18:44   0:00   2:47 
Mark Scheifele           0  0  0  -1  0   3  1  0  0  0  8/22   18:02   5:06   0:00 
Michael Bunting          0  1  1   0  0   3  1  0  0  0  0/0    12:02   3:06   0:00 
Mikey Anderson           0  0  0   0  0   1  3  1  0  0  0/0    14:00   0:00   2:47 
Nick Bonino              0  0  0   0  0   0  0  0  0  0  0/0     5:28   0:00   0:00 
Rickard Rakell           0  1  1  -1  0   1  4  0  0  0  1/2    18:34   3:36   2:02 
Roman Josi               1  1  2   1  0   4  2  1  0  0  0/0    22:52   5:36   0:14 
Ryan Hartman             0  1  1   0  2   2  2  0  0  0  0/0    12:31   3:36   0:00 
Ryan Nugent-Hopkins      0  0  0  -1  0   1  2  0  0  0  0/0    22:53   5:36   4:21 
Sam Reinhart             0  2  2   1  0   1  0  0  0  0  3/5    20:28   3:36   0:00 
Scott Mayfield           2  1  3   1  2   5  1  0  0  0  0/0    16:35   3:06   1:21 
Vladislav Gavrikov       2  1  3   1  2   5  2  1  0  0  0/0    18:49   0:00   2:13 

Players Stats for WINNIPEG Jets

Player Name              G  A  P  +/- PIM S  H  SB GA TA FO     MP     PP MP  PK MP  
------------------------------------------------------------------------------------
Alexander Kerfoot        0  0  0   0  0   1  1  0  0  0  1/1    14:39   0:00   5:48 
Brandon Hagel            0  1  1   1  0   1  1  0  0  0  1/4    16:07   3:35   0:00 
Brian Dumoulin           0  1  1   0  4   2  1  6  0  0  0/0    20:56   0:00   3:06 
Clayton Keller           0  1  1   0  0   3  0  1  0  0  0/1    16:03   3:00   0:00 
Evan Bouchard            1  0  1   0  4   1  4  0  0  0  0/0    17:19   3:35   0:40 
Ilya Mikheyev            0  0  0   0  0   0  0  0  0  0  0/0    11:12   0:00   2:21 
Jaden Schwartz           0  0  0  -1  0   1  0  0  0  0  1/1     4:47   0:00   0:00 
Kaapo Kakko              0  0  0  -1  0   1  0  0  0  0  0/0     4:47   0:00   0:00 
Logan Couture            0  0  0  -1  0   2  1  0  0  0  11/23  21:33   3:00   0:00 
Mathew Barzal            0  0  0  -1  0   0  0  0  0  0  6/10   12:57   3:35   0:00 
Miro Heiskanen           0  0  0  -1  0   1  1  0  0  0  0/0    17:17   3:00   0:40 
Nick Suzuki              1  0  1   1  0   3  2  0  0  0  18/33  22:28   3:35   6:21 
Radek Faksa              0  0  0  -1  0   1  1  0  0  0  4/6     7:08   0:00   2:21 
Rasmus Dahlin            1  0  1  -1  0   2  3  0  0  0  0/0    23:44   3:00   2:31 
Tim Stutzle              0  1  1   0  2   5  2  1  0  0  1/1    21:01   3:00   0:00 
Travis Sanheim           1  1  2   0  0   2  2  2  0  0  0/0    21:45   3:35   4:56 
Trevor van Riemsdyk      0  1  1   0  0   1  1  1  0  0  0/0    18:55   0:00   5:31 
Troy Terry               0  2  2   0  0   0  0  0  0  0  1/2    18:35   0:00   0:33 

3 Stars

1 - Vladislav Gavrikov (ARI)
2 - Scott Mayfield (ARI)
3 - Roman Josi (ARI)

Power Play

ARIZONA Coyotes - 2 on 5 Attempt(s) - 40,00%
WINNIPEG Jets - 1 on 4 Attempt(s) - 25,00%

Penalty Kill

ARIZONA Coyotes - 3 on 4 Attempt(s) - 75,00% - Score 0 goal in Penalty Kill
WINNIPEG Jets - 3 on 5 Attempt(s) - 60,00% - Score 0 goal in Penalty Kill

Team Stat

ARIZONA Coyotes - Hits : 23 - Faceoff Wins : 38 - Blocked Shots : 5 - Penalty Minutes : 8
WINNIPEG Jets - Hits : 20 - Faceoff Wins : 44 - Blocked Shots : 11 - Penalty Minutes : 10

Official

Referees : Justin Kea and Anna Wiegand
Linesman : Justin Johnson and Jonny Murray

Game Notes

Vladislav Gavrikov has scored in a empty net!

Finance

Level 1 -- Attendance: 5382 (89,70%) -- Ticket Income $538,200
Level 2 -- Attendance: 4492 (89,84%) -- Ticket Income $269,520
Level 3 -- Attendance: 2000 (100,00%) -- Ticket Income $70,000
Level 4 -- Attendance: 4000 (100,00%) -- Ticket Income $80,000
Luxury Box -- Attendance: 745 (74,50%) -- Ticket Income $149,000
Game was played at the MTS Centre.
Total Attendance: 16619 (92,33%)
Total Ticket Income: $1,106,720
Other Income: $276,680
Total Income: $1,383,400

ARIZONA Coyotes

5 vs 5 Forward 
   Center                   Left Wing                Right Wing               Time % Phy DF OF 
 1 Auston Matthews          Artemi Panarin           Sam Reinhart             52     1   1  3  
 2 Mark Scheifele           Ryan Nugent-Hopkins      Rickard Rakell           40     1   1  3  
 3 Frederick Gaudreau       Michael Bunting          Ryan Hartman             8      1   2  2  
 4 Brandon Sutter           Nick Bonino              Garnet Hathaway          0      2   3  0  

5 vs 5 Defense 
   Defense                  Defense                                           Time % Phy DF OF 
 1 Roman Josi               Vladislav Gavrikov                                50     1   2  2  
 2 Alec Martinez            Jonas Siegenthaler                                30     1   2  2  
 3 Mikey Anderson           Scott Mayfield                                    20     1   2  2  
 4 Roman Josi               Scott Mayfield                                    0      1   2  2  

PowerPlay Forward 
   Center                   Left Wing                Right Wing               Time % Phy DF OF 
 1 Auston Matthews          Artemi Panarin           Mark Scheifele           80     0   1  4  
 2 Sam Reinhart             Rickard Rakell           Ryan Hartman             20     1   1  3  

PowerPlay Defense
   Defense                  Defense                                           Time % Phy DF OF 
 1 Roman Josi               Ryan Nugent-Hopkins                               80     0   2  3  
 2 Scott Mayfield           Michael Bunting                                   20     1   2  2  

Penalty Kill 4 Players Forward 
   Center                   Wing                     Time % Phy DF OF 
 1 Brandon Sutter           Ryan Nugent-Hopkins      70     1   3  1  
 2 Frederick Gaudreau       Nick Bonino              30     1   4  0  

Penalty Kill 4 Players Defense
   Defense                  Defense                  Time % Phy DF OF 
 1 Vladislav Gavrikov       Alec Martinez            69     1   3  1  
 2 Mikey Anderson           Jonas Siegenthaler       31     2   3  0  

Penalty Kill - 3 Players Forward 
   Forward                                           Time % Phy DF OF 
 1 Brandon Sutter                                    60     1   4  0  
 2 Frederick Gaudreau                                40     1   3  1  

Penalty Kill - 3 Players Defense
   Defense                  Defense                  Time % Phy DF OF 
 1 Scott Mayfield           Alec Martinez            60     2   3  0  
 2 Scott Mayfield           Jonas Siegenthaler       40     2   3  0  

4 vs 4 Forward 
   Center                   Wing                     Time % Phy DF OF 
 1 Auston Matthews          Artemi Panarin           60     1   2  2  
 2 Mark Scheifele           Ryan Nugent-Hopkins      40     1   2  2  

4 vs 4 Defense
   Defense                  Defense                  Time % Phy DF OF 
 1 Roman Josi               Scott Mayfield           60     1   2  2  
 2 Alec Martinez            Jonas Siegenthaler       40     1   2  2  

Last Minutes Offensive
   Center                   Left Wing                Right Wing               Defense                  Defense                  
   Auston Matthews          Artemi Panarin           Sam Reinhart             Roman Josi               Ryan Nugent-Hopkins      

Last Minutes Defensive
   Center                   Left Wing                Right Wing               Defense                  Defense                  
   Brandon Sutter           Frederick Gaudreau       Garnet Hathaway          Vladislav Gavrikov       Alec Martinez            

Goaltenders
Starting : Andrei Vasilevskiy       
Backup : Kevin Lankinen           

Extra Forwards
Normal : Michael Bunting, Artemi Panarin, Frederick Gaudreau - PP : Michael Bunting, Artemi Panarin - PK : Frederick Gaudreau
Extra Defensemen
Normal : Mikey Anderson, Vladislav Gavrikov, Alec Martinez - PP : Mikey Anderson - PK : Vladislav Gavrikov, Alec Martinez
Penalty Shots
Auston Matthews, Ryan Nugent-Hopkins, Mark Scheifele, Sam Reinhart, Rickard Rakell

Scratches
Morgan Frost (Healthy)

WINNIPEG Jets

5 vs 5 Forward 
   Center                   Left Wing                Right Wing               Time % Phy DF OF 
 1 Logan Couture            Tim Stutzle              Troy Terry               40     1   2  2  
 2 Nick Suzuki              Brandon Hagel            Clayton Keller           30     1   2  2  
 3 Mathew Barzal            Alexander Kerfoot        Ilya Mikheyev            20     1   2  2  
 4 Radek Faksa              Jaden Schwartz           Kaapo Kakko              10     1   2  2  

5 vs 5 Defense 
   Defense                  Defense                                           Time % Phy DF OF 
 1 Rasmus Dahlin            Brian Dumoulin                                    40     1   2  2  
 2 Evan Bouchard            Miro Heiskanen                                    30     1   2  2  
 3 Trevor van Riemsdyk      Travis Sanheim                                    20     1   2  2  
 4 Trevor van Riemsdyk      Travis Sanheim                                    10     1   2  2  

PowerPlay Forward 
   Center                   Left Wing                Right Wing               Time % Phy DF OF 
 1 Logan Couture            Tim Stutzle              Clayton Keller           60     1   2  2  
 2 Nick Suzuki              Brandon Hagel            Mathew Barzal            40     1   2  2  

PowerPlay Defense
   Defense                  Defense                                           Time % Phy DF OF 
 1 Rasmus Dahlin            Miro Heiskanen                                    60     1   2  2  
 2 Evan Bouchard            Travis Sanheim                                    40     1   2  2  

Penalty Kill 4 Players Forward 
   Center                   Wing                     Time % Phy DF OF 
 1 Nick Suzuki              Alexander Kerfoot        60     1   2  2  
 2 Radek Faksa              Ilya Mikheyev            40     1   2  2  

Penalty Kill 4 Players Defense
   Defense                  Defense                  Time % Phy DF OF 
 1 Brian Dumoulin           Trevor van Riemsdyk      60     1   2  2  
 2 Travis Sanheim           Rasmus Dahlin            40     1   2  2  

Penalty Kill - 3 Players Forward 
   Forward                                           Time % Phy DF OF 
 1 Logan Couture                                     60     1   2  2  
 2 Nick Suzuki                                       40     1   2  2  

Penalty Kill - 3 Players Defense
   Defense                  Defense                  Time % Phy DF OF 
 1 Rasmus Dahlin            Miro Heiskanen           60     1   2  2  
 2 Evan Bouchard            Brian Dumoulin           40     1   2  2  

4 vs 4 Forward 
   Center                   Wing                     Time % Phy DF OF 
 1 Mathew Barzal            Brandon Hagel            60     1   2  2  
 2 Radek Faksa              Jaden Schwartz           40     1   2  2  

4 vs 4 Defense
   Defense                  Defense                  Time % Phy DF OF 
 1 Trevor van Riemsdyk      Travis Sanheim           60     1   2  2  
 2 Evan Bouchard            Brian Dumoulin           40     1   2  2  

Last Minutes Offensive
   Center                   Left Wing                Right Wing               Defense                  Defense                  
   Logan Couture            Clayton Keller           Mathew Barzal            Rasmus Dahlin            Miro Heiskanen           

Last Minutes Defensive
   Center                   Left Wing                Right Wing               Defense                  Defense                  
   Logan Couture            Clayton Keller           Alexander Kerfoot        Brian Dumoulin           Trevor van Riemsdyk      

Goaltenders
Starting : Jeremy Swayman           
Backup : Pavel Francouz           

Extra Forwards
Normal : Troy Terry, Nick Suzuki, Alexander Kerfoot - PP : Troy Terry, Nick Suzuki - PK : Troy Terry
Extra Defensemen
Normal : Brian Dumoulin, Trevor van Riemsdyk, Travis Sanheim - PP : Brian Dumoulin - PK : Brian Dumoulin, Trevor van Riemsdyk
Penalty Shots
Logan Couture, Clayton Keller, Brandon Hagel, Tim Stutzle, Troy Terry

Scratches
None


% Time on Ice - ARIZONA Coyotes

Lines # - Real PCT - Wanted PCT - Time Play
Normal Forward
1 - 38% - 52% - 16:52
2 - 29% - 40% - 12:56
3 - 20% - 8% - 8:56
4 - 12% - 0% - 5:28
Normal Defense
1 - 36% - 50% - 16:06
2 - 36% - 30% - 15:57
3 - 25% - 20% - 11:13
4 - 2% - 0% - 0:56
PP Forward
1 - 59% - 80% - 5:06
2 - 41% - 20% - 3:36
PP Defense
1 - 64% - 80% - 5:36
2 - 36% - 20% - 3:06
PK Forward
1 - 100% - 70% - 6:35
2 - 0% - 30% - 0:00
PK Defense
1 - 58% - 69% - 3:48
2 - 42% - 31% - 2:47
PK3 Forward
1 - 0% - 60%
2 - 0% - 40%
PK3 Defense
1 - 0% - 60%
2 - 0% - 40%
44 Forward
1 - 0% - 60%
2 - 0% - 40%
44 Defense
1 - 0% - 60%
2 - 0% - 40%
Last Minute Offensive  - 0:00
Last Minute Defensive  - 0:31
Total
Forward - 60:00
Defense - 60:00

% Time on Ice - WINNIPEG Jets

Lines # - Real PCT - Wanted PCT - Time Play
Normal Forward
1 - 41% - 40% - 18:02
2 - 28% - 30% - 12:32
3 - 20% - 20% - 8:51
4 - 11% - 10% - 4:47
Normal Defense
1 - 40% - 40% - 17:52
2 - 30% - 30% - 13:06
3 - 21% - 20% - 9:29
4 - 8% - 10% - 3:45
PP Forward
1 - 46% - 60% - 3:00
2 - 54% - 40% - 3:35
PP Defense
1 - 46% - 60% - 3:00
2 - 54% - 40% - 3:35
PK Forward
1 - 73% - 60% - 6:21
2 - 27% - 40% - 2:21
PK Defense
1 - 71% - 60% - 6:11
2 - 29% - 40% - 2:31
PK3 Forward
1 - 0% - 60%
2 - 0% - 40%
PK3 Defense
1 - 0% - 60%
2 - 0% - 40%
44 Forward
1 - 0% - 60%
2 - 0% - 40%
44 Defense
1 - 0% - 60%
2 - 0% - 40%
Last Minute Offensive  - 0:31
Last Minute Defensive  - 0:00
Total
Forward - 60:00
Defense - 60:00

Play-by-Play

1st period


0:01 of 1st period - Auston Matthews wins face-off versus Logan Couture in neutral zone.
0:08 of 1st period - Icing by Brian Dumoulin.
0:09 of 1st period - Logan Couture wins face-off versus Rickard Rakell in WINNIPEG Jets zone.
0:09 of 1st period - Logan Couture is hit by Rickard Rakell.
0:12 of 1st period - Tim Stutzle is hit by Ryan Nugent-Hopkins and loses puck.
0:36 of 1st period - Shot by Logan Couture.
0:36 of 1st period - Stopped by Andrei Vasilevskiy without a rebound.
0:37 of 1st period - Auston Matthews wins face-off versus Nick Suzuki in ARIZONA Coyotes zone.
0:37 of 1st period - Auston Matthews is hit by Brandon Hagel.
1:58 of 1st period - Icing by Mathew Barzal.
1:59 of 1st period - Alexander Kerfoot wins face-off versus Mark Scheifele in WINNIPEG Jets zone.
2:06 of 1st period - Shot by Trevor van Riemsdyk.
2:06 of 1st period - Stopped by Andrei Vasilevskiy without a rebound.
2:07 of 1st period - Logan Couture wins face-off versus Mark Scheifele in ARIZONA Coyotes zone.
2:18 of 1st period - Shot by Logan Couture.
2:18 of 1st period - Shot Misses the Net.
2:21 of 1st period - Icing by Jonas Siegenthaler.
2:22 of 1st period - Mark Scheifele wins face-off versus Radek Faksa in ARIZONA Coyotes zone.
2:22 of 1st period - Mark Scheifele is hit by Radek Faksa.
2:28 of 1st period - Shot by Ryan Nugent-Hopkins.
2:28 of 1st period - Shot Misses the Net.
4:31 of 1st period - Shot by Mikey Anderson.
4:31 of 1st period - Stopped by Jeremy Swayman without a rebound.
4:32 of 1st period - Mathew Barzal wins face-off versus Mark Scheifele in WINNIPEG Jets zone.
4:32 of 1st period - Mathew Barzal is hit by Rickard Rakell.
5:01 of 1st period - Shot by Ryan Nugent-Hopkins.
5:01 of 1st period - Shot Misses the Net.
5:12 of 1st period - Rickard Rakell is hit by Miro Heiskanen and loses puck.
5:14 of 1st period - Minor Penalty to Evan Bouchard for Cross-checking.
5:15 of 1st period - Auston Matthews wins face-off versus Nick Suzuki in WINNIPEG Jets zone.
5:24 of 1st period - Shot by Artemi Panarin.
5:24 of 1st period - Stopped by Jeremy Swayman without a rebound.
5:25 of 1st period - Nick Suzuki wins face-off versus Mark Scheifele in WINNIPEG Jets zone.
5:34 of 1st period - Shot by Roman Josi.
5:34 of 1st period - Shot Blocked by Brian Dumoulin.
5:36 of 1st period - Shot by Ryan Nugent-Hopkins.
5:36 of 1st period - Shot Misses the Net.
5:38 of 1st period - Shot by Auston Matthews.
5:38 of 1st period - Deflect By Mark Scheifele.
5:38 of 1st period - Stopped by Jeremy Swayman without a rebound.
5:39 of 1st period - Nick Suzuki wins face-off versus Sam Reinhart in WINNIPEG Jets zone.
5:53 of 1st period - Sam Reinhart is hit by Rasmus Dahlin and loses puck.
6:44 of 1st period - Icing by Roman Josi.
6:45 of 1st period - Nick Suzuki wins face-off versus Auston Matthews in ARIZONA Coyotes zone.
8:07 of 1st period - Trevor van Riemsdyk is hit by Garnet Hathaway and loses puck.
8:42 of 1st period - Shot by Kaapo Kakko.
8:42 of 1st period - Shot Misses the Net.
8:58 of 1st period - Shot by Clayton Keller.
8:58 of 1st period - Stopped by Andrei Vasilevskiy without a rebound.
8:59 of 1st period - Auston Matthews wins face-off versus Nick Suzuki in ARIZONA Coyotes zone.
9:10 of 1st period - Shot by Nick Suzuki.
9:10 of 1st period - Shot Blocked by Auston Matthews.
9:42 of 1st period - Shot by Nick Suzuki.
9:42 of 1st period - Goal by Nick Suzuki - ARIZONA Coyotes : 0 - WINNIPEG Jets : 1.
9:43 of 1st period - Mark Scheifele wins face-off versus Logan Couture in neutral zone.
9:52 of 1st period - Shot by Rickard Rakell.
9:52 of 1st period - Shot Misses the Net.
9:54 of 1st period - Shot by Scott Mayfield.
9:54 of 1st period - Stopped by Jeremy Swayman with a rebound.
10:15 of 1st period - Shot by Ryan Nugent-Hopkins.
10:15 of 1st period - Stopped by Jeremy Swayman without a rebound.
10:16 of 1st period - Frederick Gaudreau wins face-off versus Mathew Barzal in WINNIPEG Jets zone.
10:18 of 1st period - Ryan Hartman is hit by Trevor van Riemsdyk and loses puck.
11:15 of 1st period - Auston Matthews is hit by Rasmus Dahlin and loses puck.
11:22 of 1st period - Shot by Clayton Keller.
11:22 of 1st period - Shot Misses the Net.
11:25 of 1st period - Brandon Hagel is hit by Mikey Anderson and loses puck.
11:33 of 1st period - Clayton Keller is hit by Scott Mayfield and loses puck.
11:39 of 1st period - Minor Penalty to Scott Mayfield for Tripping.
11:40 of 1st period - Brandon Sutter wins face-off versus Logan Couture in ARIZONA Coyotes zone.
12:17 of 1st period - Rasmus Dahlin is hit by Mikey Anderson and loses puck.
13:46 of 1st period - Shot by Radek Faksa.
13:46 of 1st period - Shot Misses the Net.
13:48 of 1st period - Shot by Brian Dumoulin.
13:48 of 1st period - Stopped by Andrei Vasilevskiy without a rebound.
13:49 of 1st period - Radek Faksa wins face-off versus Auston Matthews in ARIZONA Coyotes zone.
14:04 of 1st period - Shot by Roman Josi.
14:04 of 1st period - The goal is going for a video replay.
14:04 of 1st period - The goal is good.
14:04 of 1st period - Goal by Roman Josi - ARIZONA Coyotes : 1 - WINNIPEG Jets : 1.
14:05 of 1st period - Logan Couture wins face-off versus Frederick Gaudreau in neutral zone.
14:14 of 1st period - Tim Stutzle is hit by Ryan Hartman and loses puck.
15:29 of 1st period - Shot by Alexander Kerfoot.
15:29 of 1st period - Stopped by Andrei Vasilevskiy without a rebound.
15:30 of 1st period - Nick Suzuki wins face-off versus Mark Scheifele in ARIZONA Coyotes zone.
15:30 of 1st period - Brandon Hagel is hit by Jonas Siegenthaler and loses puck.
16:05 of 1st period - Shot by Ryan Nugent-Hopkins.
16:05 of 1st period - Deflect By Mark Scheifele.
16:05 of 1st period - Shot Blocked by Clayton Keller.
16:07 of 1st period - Shot by Mark Scheifele.
16:07 of 1st period - Shot Blocked by Trevor van Riemsdyk.
16:20 of 1st period - Icing by Travis Sanheim.
16:21 of 1st period - Auston Matthews wins face-off versus Brandon Hagel in WINNIPEG Jets zone.
16:40 of 1st period - Shot by Auston Matthews.
16:40 of 1st period - Shot Misses the Net.
17:29 of 1st period - Icing by Scott Mayfield.
17:30 of 1st period - Mathew Barzal wins face-off versus Auston Matthews in ARIZONA Coyotes zone.
17:42 of 1st period - Off-side.
17:43 of 1st period - Mark Scheifele wins face-off versus Radek Faksa in neutral zone.
17:56 of 1st period - Shot by Radek Faksa.
17:56 of 1st period - Stopped by Andrei Vasilevskiy without a rebound.
17:57 of 1st period - Frederick Gaudreau wins face-off versus Logan Couture in ARIZONA Coyotes zone.
18:10 of 1st period - Shot by Vladislav Gavrikov.
18:10 of 1st period - Shot Misses the Net.
Goals for this period are 1 for ARIZONA Coyotes vs 1 for WINNIPEG Jets.
Shots for this period are 6 for ARIZONA Coyotes vs 7 for WINNIPEG Jets.

2nd period


0:01 of 2nd period - Logan Couture wins face-off versus Auston Matthews in neutral zone.
0:26 of 2nd period - Shot by Sam Reinhart.
0:26 of 2nd period - Shot Misses the Net.
0:47 of 2nd period - Vladislav Gavrikov is hit by Logan Couture and loses puck.
0:55 of 2nd period - Off-side.
0:56 of 2nd period - Nick Suzuki wins face-off versus Mark Scheifele in neutral zone.
0:56 of 2nd period - Nick Suzuki is hit by Mark Scheifele.
1:47 of 2nd period - Icing by Jonas Siegenthaler.
1:48 of 2nd period - Mark Scheifele wins face-off versus Mathew Barzal in ARIZONA Coyotes zone.
2:01 of 2nd period - Shot by Michael Bunting.
2:01 of 2nd period - Shot Blocked by Travis Sanheim.
2:13 of 2nd period - Ilya Mikheyev is hit by Frederick Gaudreau and loses puck.
2:20 of 2nd period - Shot by Alexander Kerfoot.
2:20 of 2nd period - Shot Misses the Net.
2:29 of 2nd period - Mathew Barzal is hit by Mikey Anderson and loses puck.
2:52 of 2nd period - Shot by Sam Reinhart.
2:52 of 2nd period - Shot Misses the Net.
2:54 of 2nd period - Shot by Vladislav Gavrikov.
2:54 of 2nd period - Goal by Vladislav Gavrikov - ARIZONA Coyotes : 2 - WINNIPEG Jets : 1.
2:55 of 2nd period - Auston Matthews wins face-off versus Brandon Hagel in neutral zone.
3:16 of 2nd period - Clayton Keller is hit by Vladislav Gavrikov and loses puck.
4:13 of 2nd period - Shot by Rasmus Dahlin.
4:13 of 2nd period - The goal is going for a video replay.
4:13 of 2nd period - The goal is good.
4:13 of 2nd period - Goal by Rasmus Dahlin - ARIZONA Coyotes : 2 - WINNIPEG Jets : 2.
4:14 of 2nd period - Mark Scheifele wins face-off versus Mathew Barzal in neutral zone.
4:14 of 2nd period - Mikey Anderson is hit by Alexander Kerfoot and loses puck.
4:23 of 2nd period - Alexander Kerfoot is hit by Rickard Rakell and loses puck.
4:34 of 2nd period - Shot by Mark Scheifele.
4:34 of 2nd period - Stopped by Jeremy Swayman without a rebound.
4:35 of 2nd period - Frederick Gaudreau wins face-off versus Logan Couture in WINNIPEG Jets zone.
4:38 of 2nd period - Shot by Michael Bunting.
4:38 of 2nd period - Shot Misses the Net.
4:40 of 2nd period - Shot by Frederick Gaudreau.
4:40 of 2nd period - Stopped by Jeremy Swayman with a rebound.
5:00 of 2nd period - Shot by Ryan Hartman.
5:00 of 2nd period - Shot Hit the Post.
5:12 of 2nd period - Shot by Frederick Gaudreau.
5:12 of 2nd period - Stopped by Jeremy Swayman with a rebound.
5:14 of 2nd period - Shot by Jonas Siegenthaler.
5:14 of 2nd period - Shot Misses the Net.
5:16 of 2nd period - Shot by Ryan Hartman.
5:16 of 2nd period - Stopped by Jeremy Swayman without a rebound.
5:17 of 2nd period - Nick Suzuki wins face-off versus Mark Scheifele in WINNIPEG Jets zone.
5:21 of 2nd period - Off-side.
5:22 of 2nd period - Nick Suzuki wins face-off versus Auston Matthews in neutral zone.
5:49 of 2nd period - Sam Reinhart is hit by Travis Sanheim and loses puck.
6:00 of 2nd period - Shot by Roman Josi.
6:00 of 2nd period - Stopped by Jeremy Swayman with a rebound.
6:02 of 2nd period - Shot by Vladislav Gavrikov.
6:02 of 2nd period - Stopped by Jeremy Swayman without a rebound.
6:03 of 2nd period - Logan Couture wins face-off versus Mark Scheifele in WINNIPEG Jets zone.
6:03 of 2nd period - Logan Couture is hit by Rickard Rakell.
8:22 of 2nd period - Minor Penalty to Ryan Hartman for Slashing.
8:23 of 2nd period - Brandon Sutter wins face-off versus Clayton Keller in ARIZONA Coyotes zone.
8:39 of 2nd period - Clayton Keller is hit by Vladislav Gavrikov and loses puck.
8:42 of 2nd period - Shot by Rasmus Dahlin.
8:42 of 2nd period - Stopped by Andrei Vasilevskiy without a rebound.
8:43 of 2nd period - Nick Suzuki wins face-off versus Brandon Sutter in ARIZONA Coyotes zone.
8:56 of 2nd period - Shot by Evan Bouchard.
8:56 of 2nd period - Shot Misses the Net.
8:58 of 2nd period - Shot by Travis Sanheim.
8:58 of 2nd period - Shot Misses the Net.
9:00 of 2nd period - Shot by Evan Bouchard.
9:00 of 2nd period - Goal by Evan Bouchard - ARIZONA Coyotes : 2 - WINNIPEG Jets : 3.
9:01 of 2nd period - Logan Couture wins face-off versus Auston Matthews in neutral zone.
9:04 of 2nd period - Shot by Rasmus Dahlin.
9:04 of 2nd period - Shot Misses the Net.
9:06 of 2nd period - Shot by Brian Dumoulin.
9:06 of 2nd period - Shot Misses the Net.
9:08 of 2nd period - Shot by Brian Dumoulin.
9:08 of 2nd period - Stopped by Andrei Vasilevskiy without a rebound.
9:09 of 2nd period - Logan Couture wins face-off versus Auston Matthews in ARIZONA Coyotes zone.
9:35 of 2nd period - Shot by Roman Josi.
9:35 of 2nd period - Shot Blocked by Tim Stutzle.
9:37 of 2nd period - Shot by Artemi Panarin.
9:37 of 2nd period - Goal by Artemi Panarin - ARIZONA Coyotes : 3 - WINNIPEG Jets : 3.
9:38 of 2nd period - Brandon Hagel wins face-off versus Mark Scheifele in neutral zone.
9:40 of 2nd period - Off-side.
9:41 of 2nd period - Mark Scheifele wins face-off versus Nick Suzuki in neutral zone.
11:30 of 2nd period - Shot by Tim Stutzle.
11:30 of 2nd period - Deflect By Logan Couture.
11:30 of 2nd period - Shot Misses the Net.
11:41 of 2nd period - Jonas Siegenthaler is hit by Evan Bouchard and loses puck.
11:44 of 2nd period - Shot by Garnet Hathaway.
11:44 of 2nd period - Shot Misses the Net.
11:55 of 2nd period - Icing by Alexander Kerfoot.
11:56 of 2nd period - Mathew Barzal wins face-off versus Frederick Gaudreau in WINNIPEG Jets zone.
11:56 of 2nd period - Mathew Barzal is hit by Ryan Hartman.
12:24 of 2nd period - Shot by Ryan Hartman.
12:24 of 2nd period - Stopped by Jeremy Swayman without a rebound.
12:24 of 2nd period - Minor Penalty to Evan Bouchard for Interference.
12:25 of 2nd period - Auston Matthews wins face-off versus Nick Suzuki in WINNIPEG Jets zone.
12:26 of 2nd period - Shot by Roman Josi.
12:26 of 2nd period - Stopped by Jeremy Swayman without a rebound.
12:27 of 2nd period - Nick Suzuki wins face-off versus Auston Matthews in WINNIPEG Jets zone.
13:00 of 2nd period - Shot by Roman Josi.
13:00 of 2nd period - Stopped by Jeremy Swayman with a rebound.
13:57 of 2nd period - Shot by Ryan Hartman.
13:57 of 2nd period - Shot Misses the Net.
13:59 of 2nd period - Shot by Michael Bunting.
13:59 of 2nd period - Stopped by Jeremy Swayman without a rebound.
14:00 of 2nd period - Sam Reinhart wins face-off versus Nick Suzuki in WINNIPEG Jets zone.
14:01 of 2nd period - Shot by Ryan Hartman.
14:01 of 2nd period - Shot Misses the Net.
14:03 of 2nd period - Shot by Scott Mayfield.
14:03 of 2nd period - Goal by Scott Mayfield - ARIZONA Coyotes : 4 - WINNIPEG Jets : 3.
14:04 of 2nd period - Brandon Sutter wins face-off versus Troy Terry in neutral zone.
14:50 of 2nd period - Minor Penalty to Tim Stutzle for Roughing.
14:51 of 2nd period - Nick Suzuki wins face-off versus Auston Matthews in WINNIPEG Jets zone.
15:20 of 2nd period - Shot by Roman Josi.
15:20 of 2nd period - Shot Misses the Net.
15:22 of 2nd period - Shot by Roman Josi.
15:22 of 2nd period - Shot Misses the Net.
15:24 of 2nd period - Shot by Mark Scheifele.
15:24 of 2nd period - Stopped by Jeremy Swayman without a rebound.
15:25 of 2nd period - Nick Suzuki wins face-off versus Sam Reinhart in WINNIPEG Jets zone.
15:48 of 2nd period - Shot by Rickard Rakell.
15:48 of 2nd period - Stopped by Jeremy Swayman without a rebound.
15:49 of 2nd period - Nick Suzuki wins face-off versus Auston Matthews in WINNIPEG Jets zone.
16:01 of 2nd period - Icing by Ryan Nugent-Hopkins.
16:02 of 2nd period - Auston Matthews wins face-off versus Nick Suzuki in ARIZONA Coyotes zone.
16:02 of 2nd period - Auston Matthews is hit by Nick Suzuki.
16:15 of 2nd period - Icing by Ryan Nugent-Hopkins.
16:16 of 2nd period - Nick Suzuki wins face-off versus Auston Matthews in ARIZONA Coyotes zone.
16:16 of 2nd period - Nick Suzuki is hit by Roman Josi.
16:24 of 2nd period - Shot by Nick Suzuki.
16:24 of 2nd period - Stopped by Andrei Vasilevskiy without a rebound.
16:25 of 2nd period - Rickard Rakell wins face-off versus Nick Suzuki in ARIZONA Coyotes zone.
16:45 of 2nd period - Icing by Rickard Rakell.
16:46 of 2nd period - Sam Reinhart wins face-off versus Nick Suzuki in ARIZONA Coyotes zone.
16:46 of 2nd period - Sam Reinhart is hit by Nick Suzuki.
16:58 of 2nd period - Shot by Tim Stutzle.
16:58 of 2nd period - Stopped by Andrei Vasilevskiy without a rebound.
16:59 of 2nd period - Troy Terry wins face-off versus Auston Matthews in ARIZONA Coyotes zone.
16:59 of 2nd period - Tim Stutzle is hit by Roman Josi and loses puck.
17:18 of 2nd period - Shot by Artemi Panarin.
17:18 of 2nd period - Stopped by Jeremy Swayman without a rebound.
17:19 of 2nd period - Mark Scheifele wins face-off versus Nick Suzuki in WINNIPEG Jets zone.
17:19 of 2nd period - Mark Scheifele is hit by Evan Bouchard.
17:39 of 2nd period - Shot by Ryan Nugent-Hopkins.
17:39 of 2nd period - Shot Misses the Net.
18:16 of 2nd period - Auston Matthews is hit by Evan Bouchard and loses puck.
18:30 of 2nd period - Icing by Vladislav Gavrikov.
18:31 of 2nd period - Logan Couture wins face-off versus Auston Matthews in ARIZONA Coyotes zone.
19:14 of 2nd period - Ryan Hartman is hit by Tim Stutzle and loses puck.
19:22 of 2nd period - Scott Mayfield is hit by Rasmus Dahlin and loses puck.
19:44 of 2nd period - Icing by Scott Mayfield.
19:45 of 2nd period - Radek Faksa wins face-off versus Frederick Gaudreau in ARIZONA Coyotes zone.
Goals for this period are 3 for ARIZONA Coyotes vs 2 for WINNIPEG Jets.
Shots for this period are 16 for ARIZONA Coyotes vs 6 for WINNIPEG Jets.

3rd period


0:01 of 3rd period - Auston Matthews wins face-off versus Logan Couture in neutral zone.
0:06 of 3rd period - Shot by Artemi Panarin.
0:06 of 3rd period - Shot Blocked by Brian Dumoulin.
0:16 of 3rd period - Shot by Troy Terry.
0:16 of 3rd period - Shot Blocked by Roman Josi.
0:28 of 3rd period - Shot by Vladislav Gavrikov.
0:28 of 3rd period - Stopped by Jeremy Swayman without a rebound.
0:29 of 3rd period - Mark Scheifele wins face-off versus Nick Suzuki in WINNIPEG Jets zone.
0:30 of 3rd period - Shot by Jonas Siegenthaler.
0:30 of 3rd period - Shot Blocked by Travis Sanheim.
2:49 of 3rd period - Shot by Frederick Gaudreau.
2:49 of 3rd period - Shot Misses the Net.
3:34 of 3rd period - Icing by Mikey Anderson.
3:35 of 3rd period - Frederick Gaudreau wins face-off versus Brandon Hagel in ARIZONA Coyotes zone.
3:52 of 3rd period - Shot by Clayton Keller.
3:52 of 3rd period - Stopped by Andrei Vasilevskiy without a rebound.
3:53 of 3rd period - Auston Matthews wins face-off versus Logan Couture in ARIZONA Coyotes zone.
4:18 of 3rd period - Shot by Troy Terry.
4:18 of 3rd period - Shot Misses the Net.
4:20 of 3rd period - Shot by Travis Sanheim.
4:20 of 3rd period - Goal by Travis Sanheim - ARIZONA Coyotes : 4 - WINNIPEG Jets : 4.
4:21 of 3rd period - Nick Suzuki wins face-off versus Mark Scheifele in neutral zone.
4:41 of 3rd period - Jonas Siegenthaler is hit by Brian Dumoulin and loses puck.
4:48 of 3rd period - Shot by Ryan Nugent-Hopkins.
4:48 of 3rd period - Shot Blocked by Brian Dumoulin.
4:50 of 3rd period - Shot by Mark Scheifele.
4:50 of 3rd period - Shot Misses the Net.
4:52 of 3rd period - Shot by Mark Scheifele.
4:52 of 3rd period - Shot Misses the Net.
5:03 of 3rd period - Minor Penalty to Brian Dumoulin for Cross-checking.
5:04 of 3rd period - Nick Suzuki wins face-off versus Mark Scheifele in WINNIPEG Jets zone.
6:01 of 3rd period - Shot by Michael Bunting.
6:01 of 3rd period - Stopped by Jeremy Swayman with a rebound.
6:03 of 3rd period - Shot by Rickard Rakell.
6:03 of 3rd period - Shot Misses the Net.
6:05 of 3rd period - Shot by Scott Mayfield.
6:05 of 3rd period - Shot Misses the Net.
6:07 of 3rd period - Shot by Scott Mayfield.
6:07 of 3rd period - Stopped by Jeremy Swayman with a rebound.
6:09 of 3rd period - Shot by Scott Mayfield.
6:09 of 3rd period - Goal by Scott Mayfield - ARIZONA Coyotes : 5 - WINNIPEG Jets : 4.
6:10 of 3rd period - Brandon Sutter wins face-off versus Logan Couture in neutral zone.
7:31 of 3rd period - Minor Penalty to Auston Matthews for High sticking.
7:32 of 3rd period - Brandon Sutter wins face-off versus Nick Suzuki in ARIZONA Coyotes zone.
7:47 of 3rd period - Shot by Travis Sanheim.
7:47 of 3rd period - Stopped by Andrei Vasilevskiy without a rebound.
7:48 of 3rd period - Frederick Gaudreau wins face-off versus Nick Suzuki in ARIZONA Coyotes zone.
8:13 of 3rd period - Shot by Evan Bouchard.
8:13 of 3rd period - Shot Misses the Net.
8:15 of 3rd period - Shot by Brandon Hagel.
8:15 of 3rd period - Shot Misses the Net.
8:17 of 3rd period - Shot by Mathew Barzal.
8:17 of 3rd period - Shot Blocked by Jonas Siegenthaler.
8:55 of 3rd period - Shot by Tim Stutzle.
8:55 of 3rd period - Stopped by Andrei Vasilevskiy without a rebound.
8:56 of 3rd period - Mathew Barzal wins face-off versus Frederick Gaudreau in ARIZONA Coyotes zone.
9:09 of 3rd period - Shot by Brandon Hagel.
9:09 of 3rd period - Stopped by Andrei Vasilevskiy with a rebound.
9:47 of 3rd period - Rasmus Dahlin is hit by Auston Matthews and loses puck.
9:52 of 3rd period - Shot by Artemi Panarin.
9:52 of 3rd period - Stopped by Jeremy Swayman without a rebound.
9:53 of 3rd period - Frederick Gaudreau wins face-off versus Logan Couture in WINNIPEG Jets zone.
10:09 of 3rd period - Minor Penalty to Vladislav Gavrikov for Cross-checking.
10:10 of 3rd period - Logan Couture wins face-off versus Brandon Sutter in ARIZONA Coyotes zone.
10:18 of 3rd period - Icing by Rasmus Dahlin.
10:19 of 3rd period - Logan Couture wins face-off versus Brandon Sutter in WINNIPEG Jets zone.
10:49 of 3rd period - Shot by Tim Stutzle.
10:49 of 3rd period - Stopped by Andrei Vasilevskiy without a rebound.
10:50 of 3rd period - Brandon Sutter wins face-off versus Nick Suzuki in ARIZONA Coyotes zone.
11:17 of 3rd period - Shot by Evan Bouchard.
11:17 of 3rd period - Shot Misses the Net.
11:53 of 3rd period - Rickard Rakell is hit by Tim Stutzle and loses puck.
12:02 of 3rd period - Shot by Miro Heiskanen.
12:02 of 3rd period - Stopped by Andrei Vasilevskiy with a rebound.
12:04 of 3rd period - Shot by Miro Heiskanen.
12:04 of 3rd period - Shot Misses the Net.
12:06 of 3rd period - Shot by Tim Stutzle.
12:06 of 3rd period - Stopped by Andrei Vasilevskiy without a rebound.
12:07 of 3rd period - Logan Couture wins face-off versus Brandon Sutter in ARIZONA Coyotes zone.
12:08 of 3rd period - Shot by Tim Stutzle.
12:08 of 3rd period - Shot Misses the Net.
12:20 of 3rd period - Shot by Artemi Panarin.
12:20 of 3rd period - Shot Blocked by Brian Dumoulin.
12:22 of 3rd period - Shot by Sam Reinhart.
12:22 of 3rd period - Shot Blocked by Brian Dumoulin.
12:24 of 3rd period - Shot by Vladislav Gavrikov.
12:24 of 3rd period - Stopped by Jeremy Swayman without a rebound.
12:25 of 3rd period - Mathew Barzal wins face-off versus Frederick Gaudreau in WINNIPEG Jets zone.
12:58 of 3rd period - Ilya Mikheyev is hit by Michael Bunting and loses puck.
13:07 of 3rd period - Shot by Michael Bunting.
13:07 of 3rd period - Stopped by Jeremy Swayman without a rebound.
13:08 of 3rd period - Auston Matthews wins face-off versus Logan Couture in WINNIPEG Jets zone.
13:47 of 3rd period - Shot by Logan Couture.
13:47 of 3rd period - Shot Blocked by Mikey Anderson.
13:49 of 3rd period - Shot by Logan Couture.
13:49 of 3rd period - Stopped by Andrei Vasilevskiy without a rebound.
13:50 of 3rd period - Nick Suzuki wins face-off versus Mark Scheifele in ARIZONA Coyotes zone.
14:10 of 3rd period - Icing by Alec Martinez.
14:11 of 3rd period - Mathew Barzal wins face-off versus Mark Scheifele in ARIZONA Coyotes zone.
15:05 of 3rd period - Brian Dumoulin is hit by Ryan Nugent-Hopkins and loses puck.
15:09 of 3rd period - Icing by Brian Dumoulin.
15:10 of 3rd period - Auston Matthews wins face-off versus Logan Couture in WINNIPEG Jets zone.
15:15 of 3rd period - Shot by Sam Reinhart.
15:15 of 3rd period - Stopped by Jeremy Swayman without a rebound.
15:16 of 3rd period - Tim Stutzle wins face-off versus Auston Matthews in WINNIPEG Jets zone.
15:20 of 3rd period - Icing by Logan Couture.
15:21 of 3rd period - Auston Matthews wins face-off versus Logan Couture in WINNIPEG Jets zone.
15:24 of 3rd period - Shot by Artemi Panarin.
15:24 of 3rd period - Shot Misses the Net.
15:26 of 3rd period - Shot by Artemi Panarin.
15:26 of 3rd period - Shot Misses the Net.
15:28 of 3rd period - Shot by Auston Matthews.
15:28 of 3rd period - Shot Blocked by Brian Dumoulin.
15:39 of 3rd period - Minor Penalty to Brian Dumoulin for Tripping.
15:40 of 3rd period - Nick Suzuki wins face-off versus Auston Matthews in WINNIPEG Jets zone.
15:40 of 3rd period - Nick Suzuki is hit by Artemi Panarin.
15:49 of 3rd period - Auston Matthews is hit by Travis Sanheim and loses puck.
15:52 of 3rd period - Shot by Scott Mayfield.
15:52 of 3rd period - Shot Misses the Net.
15:54 of 3rd period - Shot by Scott Mayfield.
15:54 of 3rd period - Stopped by Jeremy Swayman without a rebound.
15:55 of 3rd period - Sam Reinhart wins face-off versus Nick Suzuki in WINNIPEG Jets zone.
17:21 of 3rd period - Shot by Auston Matthews.
17:21 of 3rd period - Stopped by Jeremy Swayman without a rebound.
17:22 of 3rd period - Radek Faksa wins face-off versus Auston Matthews in WINNIPEG Jets zone.
17:36 of 3rd period - Auston Matthews is hit by Evan Bouchard and loses puck.
18:09 of 3rd period - Shot by Garnet Hathaway.
18:09 of 3rd period - Shot Misses the Net.
18:19 of 3rd period - Shot by Tim Stutzle.
18:19 of 3rd period - Stopped by Andrei Vasilevskiy without a rebound.
18:20 of 3rd period - Radek Faksa wins face-off versus Auston Matthews in ARIZONA Coyotes zone.
18:37 of 3rd period - Shot by Jaden Schwartz.
18:37 of 3rd period - Shot Blocked by Vladislav Gavrikov.
18:39 of 3rd period - Shot by Kaapo Kakko.
18:39 of 3rd period - Stopped by Andrei Vasilevskiy without a rebound.
18:40 of 3rd period - Nick Suzuki wins face-off versus Mark Scheifele in ARIZONA Coyotes zone.
19:01 of 3rd period - WINNIPEG Jets, Jeremy Swayman is pulled from the net.
19:03 of 3rd period - Shot by Nick Suzuki.
19:03 of 3rd period - Stopped by Andrei Vasilevskiy without a rebound.
19:04 of 3rd period - Brandon Sutter wins face-off versus Mathew Barzal in ARIZONA Coyotes zone.
19:14 of 3rd period - Shot by Clayton Keller.
19:14 of 3rd period - Stopped by Andrei Vasilevskiy with a rebound.
19:34 of 3rd period - Shot by Vladislav Gavrikov.
19:34 of 3rd period - Goal by Vladislav Gavrikov - ARIZONA Coyotes : 6 - WINNIPEG Jets : 4.
19:34 of 3rd period - Jeremy Swayman from WINNIPEG Jets was sent back in the game.
19:35 of 3rd period - Jaden Schwartz wins face-off versus Artemi Panarin in neutral zone.
19:58 of 3rd period - Shot by Jaden Schwartz.
19:58 of 3rd period - Stopped by Andrei Vasilevskiy with a rebound.
Goals for this period are 2 for ARIZONA Coyotes vs 1 for WINNIPEG Jets.
Shots for this period are 11 for ARIZONA Coyotes vs 14 for WINNIPEG Jets. Output by the SimonT Hockey Simulator (STHS) for Martin Benoit - Original Page W3C HTML5 Valid
Hockey Simulator - Hockey Simulation - Hockey Manager